 Dungeon Crawl Stone Soup version 0.25-a0-62-g88673ef095 (webtiles) character file.

Game seed: 11650397599132909806, levelgen mode: deterministic

203390 iamserjio the Spry (level 19, -8/141 HPs)
             Began as an Octopode Wanderer on Oct 31, 2019.
             Was a High Priest of Okawaru.
             Mangled by a deep elf blademaster
             ... wielding a +2 rapier of draining
              (19 damage)
             ... on level 2 of the Elven Halls.
             The game lasted 01:16:59 (49808 turns).

iamserjio the Spry (Octopode Wanderer)             Turns: 49808, Time: 01:17:00

Health: -8/141     AC:  7    Str: 16    XL:     19   Next: 5%
Magic:  31/31      EV: 26    Int: 26    God:    Okawaru [*****.]
Gold:   1782       SH:  3    Dex: 22    Spells: 10/34 levels left

rFire    . . .     SeeInvis .   J - +5 lajatang (elec)
rCold    . . .     Gourm    .   (shield currently unavailable)
rNeg     + . .     Faith    .   W - +2 hat {Int+3}
rPois    +         Spirit   .   p - +3 amulet of reflection
rElec    .         Reflect  +   g - +5 ring of dexterity
rCorr    +         Harm     .   r - ring of protection from magic
MR       +++..                  G - +4 ring of intelligence
Stlth    ++........             l - ring of protection from magic
HPRegen  0.33/turn              K - +4 ring of protection
MPRegen  0.22/turn              Z - ring "Pessuch" {rN+ rCorr}
                                y - ring of Wylesk {rPois Int+7 Stlth-}
                                w - ring of wizardry

@: heavily drained
A: almost no armour, stealthy swim, amphibious, 8 rings, constrict 8, camouflage
1, gelatinous body 1
a: Heroism, Finesse, Renounce Religion


You were on level 2 of the Elven Halls.
You worshipped Okawaru.
Okawaru was extremely pleased with you.
You were near starving.

You visited 4 branches of the dungeon, and saw 26 of its levels.
You visited the Abyss 1 time.
You visited 1 bazaar.
You also visited: Sewer, Ossuary, Bailey, Ice Cave and Volcano.

You collected 3844 gold pieces.
You spent 2062 gold pieces at shops.

Inventory:

Hand Weapons
 u - the +5 quarterstaff "Xitad" {elec, +Rage Int+9 Stlth-}
   (Okawaru gifted it to you on level 15 of the Dungeon)

   Occasionally, upon striking a foe, it will discharge some electrical energy
   and cause terrible harm.
   It affects your intelligence (+9).
   It lets you go berserk.
   It makes you less stealthy.
 F - the +7 lajatang of Order {silver, rMut}
   (You found it on level 6 of the Dungeon)

   It protects you from mutation.
 J - a +5 lajatang of electrocution (weapon)
Missiles
 d - 7 throwing nets (quivered) {!f}
 j - 20 javelins
 n - 21 silver javelins
 o - 8 curare-tipped darts
Armour
 W - a +2 hat of intelligence (worn)
Jewellery
 a - an uncursed ring of ice
 g - a +5 ring of dexterity (left tentacle)
 l - a ring of protection from magic (on tentacle)
 p - a +3 amulet of reflection (around mantle)
 r - a ring of protection from magic (right tentacle)
 w - a ring of wizardry (on tentacle)
 y - the ring of Wylesk (on tentacle) {rPois Int+7 Stlth-}
   (You acquired it on level 3 of the Elven Halls)

   [ring of poison resistance]

   It affects your intelligence (+7).
   It protects you from poison.
   It makes you less stealthy.
 C - an uncursed ring of see invisible
 G - a +4 ring of intelligence (on tentacle)
 K - a +4 ring of protection (on tentacle)
 S - an uncursed amulet of regeneration
 Z - the ring "Pessuch" (on tentacle) {rN+ rCorr}
   (You took it off a deep elf blademaster on level 3 of the Elven Halls)

   [ring of resist corrosion]

   It protects you from negative energy.
   It provides partial protection from all sources of acid and corrosion.
Wands
 q - a wand of polymorph (5)
 B - a wand of iceblast (6)
 D - a wand of acid (11)
 L - a wand of disintegration (9)
 V - a wand of paralysis (5)
Scrolls
 b - 9 scrolls of teleportation {@r3}
 c - 3 scrolls of blinking
 e - 2 scrolls of fog
 s - 10 scrolls of remove curse {@r2}
 I - 2 scrolls of vulnerability
 N - 2 scrolls of fear
 Q - 3 scrolls of identify {@r1}
 R - 2 scrolls of silence
 T - 5 scrolls of summoning
 U - a scroll of holy word
Potions
 h - 4 potions of resistance
 i - 20 potions of curing {@q1}
 k - 9 potions of heal wounds
 m - 5 potions of ambrosia
 t - 5 potions of cancellation
 v - 4 potions of magic
 x - 5 potions of mutation
 z - 5 potions of might
 A - 4 potions of agility
 M - 7 potions of brilliance
 O - 5 potions of lignification
 P - 2 potions of invisibility
 X - 5 potions of haste
Miscellaneous
 E - a lamp of fire
 H - 2 boxes of beasts
Comestibles
 f - 48 rations


   Skills:
 * Level 15.7(12.7) Fighting
   Level 1.0(0.0) Short Blades
 + Level 11.0(8.3) Staves
 + Level 12.8(10.0) Throwing
 * Level 16.9(13.8) Dodging
 - Level 1.3(0.0) Stealth
 + Level 8.3(5.8) Spellcasting
 * Level 10.0(7.3) Summonings
 - Level 5.0(2.6) Air Magic
 - Level 6.0(3.6) Invocations
 - Level 7.0(4.5) Evocations


You had 10 spell levels left.
You knew the following spells:

 Your Spells              Type           Power        Failure   Level  Hunger
a - Flame Tongue          Conj/Fire      #....        2%          1    None
b - Passwall              Tmut/Erth      #.......     4%          2    None
c - Shadow Creatures      Summ           N/A          21%         6    ######.
d - Silence               Hex/Air        ##........   41%         5    #####..
e - Confusing Touch       Hex            #.....       2%          1    None
f - Animate Skeleton      Necr           N/A          2%          1    None
g - Apportation           Tloc           #.....       2%          1    None
h - Ozocubu's Armour      Chrm/Ice       #.......     9%          3    None
i - Summon Lightning Spi  Summ/Air       ####....     3%          4    ###....

Your spell library contained the following spells:

 Spells                   Type           Power        Failure   Level  Hunger
 Summon Butterflies       Summ           #####...     1%          1    None
 Summon Small Mammal      Summ           ####         1%          1    None
 Call Imp                 Summ           #####...     1%          2    None
 Call Canine Familiar     Summ           #####...     1%          3    None
 Recall                   Summ/Tloc      N/A          1%          3    None
 Summon Guardian Golem    Hex/Summ       ####....     1%          3    None
 Freeze                   Ice            #...         2%          1    None
 Infusion                 Chrm           #...         2%          1    None
 Magic Dart               Conj           #...         2%          1    None
 Sandblast                Erth           #.....       2%          1    None
 Ensorcelled Hibernation  Hex/Ice        #.....       4%          2    None
 Searing Ray              Conj           #.....       4%          2    None
 Shroud of Golubria       Chrm/Tloc      #.....       4%          2    None
 Song of Slaying          Chrm           #.......     4%          2    None
 Throw Flame              Conj/Fire      #.....       4%          2    None
 Throw Frost              Conj/Ice       #.....       4%          2    None
 Summon Ice Beast         Ice/Summ       ####....     6%          4    ###....
 Confuse                  Hex            #.......     9%          3    None
 Conjure Flame            Conj/Fire      #.......     9%          3    None
 Dazzling Spray           Conj/Hex       #.....       9%          3    None
 Gell's Gravitas          Tloc           #.........   9%          3    None
 Ignite Poison            Fire/Tmut/Pois #.......     9%          3    None
 Inner Flame              Hex/Fire       #.......     9%          3    None
 Portal Projectile        Hex/Tloc       #.....       9%          3    None
 Regeneration             Chrm/Necr      #.........   9%          3    None
 Spectral Weapon          Hex/Chrm       #.......     9%          3    None
 Stone Arrow              Conj/Erth      #.....       9%          3    None
 Animate Dead             Necr           N/A          26%         4    ###....
 Force Lance              Conj/Tloc      #.......     26%         4    ###....
 Fulminant Prism          Conj/Hex       #.........   26%         4    ###....
 Iskenderun's Mystic Bla  Conj           #.......     26%         4    ###....
 Petrify                  Tmut/Erth      #.......     26%         4    ###....
 Sticky Flame             Conj/Fire      #.......     26%         4    ###....
 Throw Icicle             Conj/Ice       #.......     26%         4    ###....
 Lightning Bolt           Conj/Air       ##........   41%         5    #####..
 Borgnjor's Vile Clutch   Necr/Erth      #.........   58%         5    #####..
 Fireball                 Conj/Fire      #.........   58%         5    #####..
 Lee's Rapid Deconstruct  Erth           #.........   58%         5    #####..
 Metabolic Englaciation   Hex/Ice        #.........   58%         5    #####..
 Yara's Violent Unravell  Hex/Tmut       #.........   58%         5    #####..
 Summon Hydra             Summ           #####.....   71%         7    #######
 Bolt of Fire             Conj/Fire      #.........   98%         6    ######.
 Darkness                 Hex            #.........   98%         6    ######.
 Death Channel            Necr           #.........   98%         6    ######.
 Dispersal                Tloc           #.........   98%         6    ######.
 Simulacrum               Ice/Necr       #.........   98%         6    ######.
 Ring of Flames           Chrm/Fire      #.........   100%        7    #######
 Controlled Blink         Tloc           N/A          100%        8    #######
 Disjunction              Tloc           #.........   100%        8    #######
 Ignition                 Fire           #.........   100%        8    #######


Dungeon Overview and Level Annotations

Branches:
Dungeon (15/15)            Temple (0/1) D:4            Lair (6/6) D:9
  Swamp (0/4) Lair:2       Spider (0/4) Lair:4        Slime (0/5) Lair:6
    Orc (2/2) D:12            Elf (3/3) Orc:2        Vaults (0/5) D:14
 Depths (0/5) D:15          Sewer (visited)         Ossuary (visited)
 Bailey (visited)           IceCv (visited)         Volcano (visited)

Altars:
Ashenzari
Cheibriados
Fedhas
Gozag
Nemelex Xobeh
Okawaru
Qazlal
Ru
Sif Muna
Vehumet
Wu Jian
Xom
Yredelemnul
Zin
The Shining One
Jiyva

Shops:
D:6 *   D:15 **   Orc:2 (!:[   Elf:3 ?

Annotations:
D:15 4 runed translucent doors, exclusion: obsidian statue, Deth's ghost, journeyman DsBe
Lair:3 exclusion: oklob plant
Elf:1 3 runed translucent doors


Innate Abilities, Weirdness & Mutations

You cannot wear most types of armour.
You are very stealthy in the water. (Stealth+)
You are amphibious.
You can wear up to eight rings at the same time.
You can use your tentacles to constrict eight enemies at once.
Your skin changes colour to match your surroundings (Stealth+).
Your rubbery body absorbs attacks. (AC +1, EV +1)


Message History

* * * LOW HITPOINT WARNING * * *
You partially resist.
You feel drained.
The deep elf mage gestures at you while chanting.
The bolt of lightning hits the +1 dire flail of holy wrath.
The +1 dire flail of holy wrath completely resists.
The bolt of lightning misses you.
The +1 dire flail of holy wrath hits you!!
* * * LOW HITPOINT WARNING * * *
You hear a shout!
You slash the deep elf blademaster!
Lightning courses through the deep elf blademaster!
You squeeze the deep elf blademaster! You constrict the deep elf blademaster.
The deep elf blademaster closely misses you.
The deep elf blademaster hits you with a +2 rapier of draining.
* * * LOW HITPOINT WARNING * * *
You partially resist.
You feel drained.
The +1 dire flail of holy wrath hits you!
* * * LOW HITPOINT WARNING * * *
The deep elf blademaster hits you with a +2 rapier of draining!!
You die...

#......#....... #.
##............. ##
##............ ### #
##.....##... #)# ##.....## . #.#
#.....#################### #.#
#......##................# #.#
##......#.#.#.#.#.#.#.##.###.###
##...).#......@e...[.##.....)..
##.....######(###..#.######.###
#......'...#.)).##.).)......#
#.......'...#.....#.#...######
##......'...).(...#.....#
#.......'...#.....#.#...#
##......'...#....##e..###
##.....######'###..#.#
#.....#.............# ##


You could see a deep elf blademaster and 2 dancing weapons.

Vanquished Creatures
  Saint Roka (Orc:2)
  2 deep elf master archers (Elf:3)
  2 deep elf blademasters (Elf:3)
  Kirke (D:13)
  4 deep elf sorcerers
  A frost giant (IceCv)
  A deep elf elementalist (Elf:3)
  2 deep elf demonologists (Elf:3)
  Azrael (Elf:2)
  5 deep elf annihilators
  5 deep elf death magi (Elf:3)
  2 deep elf high priests (Elf:3)
  Josephine (D:13)
  A fire dragon (D:15)
  2 ogre magi (Orc:2)
  Fannar (D:11)
  Erolcha (D:9)
  3 vault guards
  7 hydras
  A death knight (D:13)
  A centaur warrior (D:12)
  15 two-headed ogres
  A catoblepas (Lair:2)
  3 death yaks (Lair:2)
  19 dancing weapons
  A tengu warrior (D:13)
  An orc high priest (Elf:1)
  The ghost of iamserjio the Fighter, a novice OpAK of Lugonu (D:8)
  Sonja (D:10)
  Nergalle (D:10)
  9 deep elf knights
  2 deep trolls
  5 skeletal warriors (D:11)
  2 unseen horrors
  A lindwurm (Lair:2)
  3 wizards
  10 deep elf archers
  Pikel (D:8)
  A phantasmal warrior (D:13)
  52 deep elf magi
  4 orc sorcerers
  2 necromancers
  A wolf spider zombie (D:15)
  6 orc knights
  6 cyclopes
  3 manticores
  8 ugly things
  A wolf spider (Lair:6)
  Joseph (D:9)
  A guardian serpent (Lair:6)
  Psyche (D:9)
  A torpor snail (Lair:6)
  2 naga magi (D:15)
  12 black mambas
  An ice statue (IceCv)
  A smoke demon (D:13)
  A kobold demonologist (D:15)
  10 spiny frogs
  A gargoyle (D:14)
  6 rime drakes
  3 freezing wraiths
  8 komodo dragons
  2 efreet (Volcano)
  2 tengu conjurers
  An ice devil (D:13)
  18 trolls
  3 meliai (D:13)
  23 polar bears
  A polar bear (shapeshifter) (D:12)
  7 slime creatures
  10 blink frogs
  2 hornets (Lair:6)
  Prince Ribbit (D:7)
  2 raiju (Lair:6)
  A meliai zombie (D:15)
  11 hippogriffs
  A tarantella (shapeshifter) (D:15)
  3 redbacks (Lair:6)
  4 air elementals
  7 wraiths
  4 water elementals
  16 yaks
  13 wyverns
  2 shadows (D:15)
  6 fire elementals
  4 hogs (D:13)
  A human (shapeshifter) (Elf:3)
  A golden eye (shapeshifter) (Elf:3)
  4 vampire mosquitoes (D:15)
  2 basilisks
  3 hungry ghosts
  19 humans
  2 steam dragons
  Menkaure (D:7)
  16 hell hounds
  8 wargs
  An acid dragon (D:14)
  2 soldier ants (D:13)
  17 water moccasins
  13 porcupines
  Duvessa (D:7)
  A meliai simulacrum (D:15)
  A hornet zombie (D:15)
  2 slaves (D:8)
  4 ice beasts
  24 orc warriors
  2 sky beasts
  14 black bears
  28 ogres
  4 eyes of draining
  3 phantoms
  2 necrophages
  30 wolves
  3 boggarts (D:15)
  A centaur (D:12)
  12 crocodiles
  3 big kobolds
  21 bullfrogs
  3 gnoll sergeants
  A wyvern zombie (D:10)
  3 earth elementals
  2 wyvern skeletons
  4 scorpions
  Dowan (D:7)
  A water moccasin skeleton (D:10)
  19 wights
  An electric eel (Lair:2)
  9 crimson imps
  4 centaur zombies
  5 bullfrog zombies
  2 jellies
  A human zombie (Ossuary)
  5 centaur skeletons
  16 orc priests
  9 hounds
  23 orc wizards
  3 bullfrog skeletons
  Ijyb (D:4)
  7 iguanas
  7 worker ants
  2 hell rats (Lair:1)
  4 mummies (Ossuary)
  A worker ant zombie (D:7)
  8 adders
  10 gnolls
  11 river rats (Lair:1)
  A howler monkey skeleton (D:9)
  3 shadow imps
  4 white imps (D:13)
  3 oozes
  An adder skeleton (D:4)
  An adder zombie (D:5)
  4 worms
  2 dart slugs
  8 leopard geckos
  104 orcs
  5 ball pythons
  15 bats
  8 giant cockroaches
  8 goblins
  12 hobgoblins
  17 jackals
  2 quokkas
  12 frilled lizards
  A goblin zombie (Ossuary)
  A hobgoblin zombie (Ossuary)
  17 kobolds
  2 kobold zombies (Ossuary)
  A leopard gecko skeleton (D:8)
  2 orc zombies (Ossuary)
  7 rats
  A bush (Lair:6)
  3 fire vortices (Volcano)
  2 plants (Lair:6)
1054 creatures vanquished.

Vanquished Creatures (collateral kills)
  A deep elf sorcerer (Elf:3)
1 creature vanquished.

Vanquished Creatures (others)
  A deep elf knight (Elf:2)
  A human (D:13)
  2 slaves (D:8)
  A necrophage (D:8)
  A quokka (D:8)
  3 fire vortices (Volcano)
  17 fungi
  18 plants
  8 toadstools (Lair:2)
52 creatures vanquished.

Grand Total: 1107 creatures vanquished

Notes
Turn   | Place    | Note
-------+----------+-------------------------------------------
     0 | D:1      | iamserjio the Octopode Wanderer began the quest for the
                  | Orb.
     0 | D:1      | iamserjio set off with the following items: a +0 dagger, a
                  | scroll of teleportation {@r3}, 3 throwing nets {!f}, a
                  | ration; and the following spell memorised: Flame Tongue;
                  | and the following spells available to memorise: Conjure
                  | Flame
     0 | D:1      | Reached XP level 1. HP: 14/14 MP: 4/4
   265 | D:1      | Reached XP level 2. HP: 20/20 MP: 6/6
  1000 | D:1      | Reached XP level 3. HP: 26/26 MP: 7/7
  1466 | D:2      | Found an iron altar of Okawaru.
  1594 | D:2      | Became a worshipper of Warmaster Okawaru
  1787 | D:2      | Found a basalt altar of Yredelemnul.
  1857 | D:2      | Reached XP level 4. HP: 24/32 MP: 8/8
  2140 | D:2      | Found a faded altar of an unknown god.
  2363 | D:3      | Found an iron altar of Okawaru.
  2395 | D:3      | Reached skill level 3 in Dodging
  3572 | D:3      | Reached XP level 5. HP: 38/38 MP: 9/9
  3695 | D:3      | Found a faded altar of an unknown god.
  3695 | D:3      | Found a faded altar of an unknown god.
  3712 | D:3      | Found a radiant altar of Vehumet.
  3714 | D:3      | Found a shimmering altar of Xom.
  3716 | D:3      | Found a stormy altar of Qazlal.
  3949 | D:4      | Found a shattered altar of Ashenzari.
  3949 | D:4      | Found a sparkling altar of Nemelex Xobeh.
  3957 | D:4      | Reached skill level 5 in Fighting
  3960 | D:4      | Reached XP level 6. HP: 23/45 MP: 10/10
  3980 | D:4      | Noticed a hungry ghost
  4251 | D:4      | Reached * piety under Okawaru
  4338 | D:4      | Noticed Ijyb
  4356 | D:4      | Killed Ijyb
  4356 | D:4      | Reached skill level 4 in Dodging
  4440 | D:4      | Reached skill level 1 in Invocations
  4462 | D:4      | Killed a hungry ghost
  4462 | D:4      | Reached XP level 7. HP: 37/52 MP: 11/11
  4618 | D:4      | Found a staircase to the Ecumenical Temple.
  4638 | D:4      | Reached ** piety under Okawaru
  4790 | D:5      | Entered Level 5 of the Dungeon
  4979 | D:5      | Found a shimmering altar of Xom.
  5074 | D:5      | Found a glowing drain.
  5085 | Sewer    | Entered a sewer
  5387 | Sewer    | Reached skill level 5 in Dodging
  5387 | Sewer    | Reached XP level 8. HP: 45/60 MP: 12/12
  6054 | D:6      | Reached skill level 1 in Evocations
  6455 | D:6      | Found the +7 lajatang of Order {silver, rMut}
  6465 | D:6      | Reached *** piety under Okawaru
  6985 | D:6      | Found a shimmering blue altar of Sif Muna.
  7000 | D:6      | Reached skill level 1 in Staves
  7017 | D:6      | Found Measydil's Assorted Antiques.
  7031 | D:6      | Reached XP level 9. HP: 66/66 MP: 13/13
  7088 | D:6      | Bought a wand of acid (15) for 160 gold pieces
  7088 | D:6      | Bought a wand of iceblast (6) for 80 gold pieces
  7088 | D:6      | Bought an encrusted bone wand for 80 gold pieces
  7302 | D:6      | Reached skill level 6 in Dodging
  7306 | D:6      | Found a snail-covered altar of Cheibriados.
  7447 | D:7      | Noticed Dowan
  7447 | D:7      | Noticed Menkaure
  7451 | D:7      | Noticed Duvessa
  7460 | D:7      | Killed Dowan
  7462 | D:7      | Killed Menkaure
  7464 | D:7      | Killed Duvessa
  7728 | D:7      | Reached skill level 5 in Evocations
  8069 | D:7      | Reached **** piety under Okawaru
  8471 | D:7      | Noticed Prince Ribbit
  8481 | D:7      | Killed Prince Ribbit
  8790 | D:8      | Found a runed translucent door.
  8790 | D:8      | Noticed iamserjio's ghost (novice OpAK)
  8820 | D:8      | Found a sand-covered staircase.
  8827 | Ossuary  | Entered an ossuary
  9065 | Ossuary  | Reached XP level 10. HP: 73/73 MP: 14/14
  9094 | Ossuary  | Reached skill level 5 in Staves
  9270 | D:8      | Found a sacrificial altar of Ru.
  9370 | D:8      | Reached skill level 7 in Dodging
  9375 | D:8      | Noticed Pikel
  9387 | D:8      | Killed Pikel
  9387 | D:8      | Reached ***** piety under Okawaru
  9572 | D:8      | Noticed a cyan ugly thing
  9581 | D:8      | Killed a cyan ugly thing
  9769 | D:8      | Noticed a manticore
  9773 | D:8      | Killed a manticore
 10072 | D:8      | Noticed a two-headed ogre
 10072 | D:8      | Noticed a purple ugly thing
 10081 | D:8      | Killed a purple ugly thing
 10088 | D:8      | Killed a two-headed ogre
 10088 | D:8      | Reached skill level 8 in Dodging
 10262 | D:8      | Found a glowing silver altar of Zin.
 10262 | D:8      | Found a glowing golden altar of the Shining One.
 10714 | D:8      | Reached XP level 11. HP: 72/81 MP: 15/15
 11056 | D:8      | Learned a level 2 spell: Passwall
 11070 | D:9      | Reached skill level 10 in Fighting
 11331 | D:9      | Found a staircase to the Lair.
 11356 | D:9      | Received a gift from Okawaru
 11393 | D:9      | Noticed Joseph
 11402 | D:9      | Killed Joseph
 11468 | D:9      | Reached skill level 9 in Dodging
 11629 | D:9      | Noticed Psyche
 11637 | D:9      | Killed Psyche
 11649 | D:9      | Noticed Erolcha
 11679 | D:9      | Noticed a two-headed ogre
 11682 | D:9      | Noticed a two-headed ogre
 11866 | D:9      | Killed a two-headed ogre
 11934 | D:9      | Killed a two-headed ogre
 12122 | D:9      | Killed Erolcha
 12144 | D:9      | Found an ornate altar of the Wu Jian Council.
 12177 | D:9      | Reached skill level 10 in Dodging
 12739 | D:10     | Entered Level 10 of the Dungeon
 12758 | D:10     | Noticed a two-headed ogre
 12764 | D:10     | Killed a two-headed ogre
 13025 | D:10     | Noticed Sonja
 13027 | D:10     | Killed Sonja
 13619 | D:10     | Reached XP level 12. HP: 91/91 MP: 16/16
 13698 | D:10     | Noticed Nergalle
 13708 | D:10     | Killed Nergalle
 14448 | D:11     | Noticed Fannar
 14458 | D:11     | Killed Fannar
 14458 | D:11     | Reached skill level 11 in Dodging
 14993 | D:11     | Received a gift from Okawaru
 16706 | D:12     | Noticed a centaur warrior
 16720 | D:12     | Killed a centaur warrior
 16861 | D:12     | Found a frozen archway.
 16878 | IceCv    | Entered an ice cave
 16888 | IceCv    | Received a gift from Okawaru
 16899 | IceCv    | Reached ****** piety under Okawaru
 17376 | IceCv    | Reached XP level 13. HP: 98/98 MP: 17/17
 17498 | IceCv    | Noticed a frost giant
 17519 | IceCv    | Killed a frost giant
 17519 | IceCv    | Reached skill level 10 in Staves
 17519 | IceCv    | Reached skill level 5 in Throwing
 17519 | IceCv    | Reached skill level 12 in Dodging
 17696 | IceCv    | Got a distressingly furry hat
 18505 | D:12     | Found a staircase to the Orcish Mines.
 19094 | D:13     | Noticed Josephine
 19112 | D:13     | Received a gift from Okawaru
 19167 | D:13     | Identified the +0 hat of the Constellations {rCorr Str+2}
                  | (You found it in an ice cave)
 19228 | D:13     | Found a flagged portal.
 19240 | Bailey   | Entered a bailey
 19946 | D:13     | Killed Josephine
 19946 | D:13     | Reached skill level 13 in Dodging
 19966 | D:13     | Received a gift from Okawaru
 20453 | D:13     | Received a gift from Okawaru
 20660 | D:13     | Reached XP level 14. HP: 102/106 MP: 8/18
 20897 | D:13     | Identified the +2 robe of Day {rN+ Str-2 SInv}
 20897 | D:13     | Noticed Kirke
 20910 | D:13     | Received a gift from Okawaru
 20915 | D:13     | Killed Kirke
 20915 | D:13     | Received a gift from Okawaru
 22216 | D:14     | Reached skill level 14 in Dodging
 22835 | D:14     | Received a gift from Okawaru
 23304 | D:14     | Received a gift from Okawaru
 23304 | D:14     | Reached skill level 10 in Throwing
 23790 | D:14     | Found a gate to the Vaults.
 24028 | D:15     | Entered Level 15 of the Dungeon
 24241 | D:15     | Received a gift from Okawaru
 24242 | D:15     | Got an ebony quarterstaff {god gift}
 24587 | D:15     | Found a runed translucent door.
 24587 | D:15     | Noticed a tengu reaver
 24797 | D:15     | Found a runed translucent gate.
 24797 | D:15     | Found a runed translucent gate.
 24797 | D:15     | Found a runed translucent gate.
 24798 | D:15     | Found an opulent altar of Gozag.
 24798 | D:15     | Found Lathireq's Assorted Antiques.
 24798 | D:15     | Noticed a stone giant
 24799 | D:15     | Noticed a stone giant
 24799 | D:15     | Noticed Deth's ghost (journeyman DsBe)
 24800 | D:15     | Found Wigeg's Assorted Antiques.
 24928 | D:15     | Reached XP level 15. HP: 33/112 MP: 20/20
 25241 | D:15     | Found a staircase to the Depths.
 25256 | D:15     | Received a gift from Okawaru
 25363 | D:15     | Got a polished shield {god gift}
 26058 | D:8      | Killed iamserjio's ghost
 26195 | Orc:1    | Entered Level 1 of the Orcish Mines
 26394 | Orc:2    | Entered Level 2 of the Orcish Mines
 26394 | Orc:2    | Noticed Saint Roka
 26651 | Orc:1    | Identified the +5 quarterstaff "Xitad" {elec, +Rage Int+9
                  | Stlth-} (Okawaru gifted it to you on level 15 of the
                  | Dungeon)
 26660 | Orc:1    | Identified the +5 shield of Roheshuq {Str+4} (Okawaru
                  | gifted it to you on level 15 of the Dungeon)
 26685 | Orc:1    | Learned a level 6 spell: Shadow Creatures
 26691 | Orc:1    | Learned a level 5 spell: Silence
 27351 | Orc:1    | Reached skill level 1 in Summonings
 27727 | Lair:1   | Entered Level 1 of the Lair of Beasts
 27881 | Lair:1   | Reached skill level 15 in Dodging
 29520 | Lair:2   | Got a scorched rapier
 29585 | Lair:2   | Found a staircase to the Swamp.
 30408 | Lair:2   | Found a runed translucent door.
 30822 | Lair:2   | Identified the cursed +1 rapier of Trog's Benevolence
                  | {protect, *Drain rN+ Int+3} (You found it on level 2 of the
                  | Lair of Beasts)
 30891 | Lair:3   | Received a gift from Okawaru
 31237 | Lair:3   | Found a dark tunnel.
 31245 | Volcano  | Entered a volcano
 32384 | Lair:3   | Found a blossoming altar of Fedhas.
 32400 | Lair:3   | Reached skill level 5 in Spellcasting
 32400 | Lair:3   | Reached skill level 5 in Invocations
 32400 | Lair:3   | Reached XP level 16. HP: 119/119 MP: 21/23
 32909 | Lair:3   | Learned a level 1 spell: Confusing Touch
 32911 | Lair:3   | Learned a level 1 spell: Animate Skeleton
 32913 | Lair:3   | Learned a level 1 spell: Apportation
 32917 | Lair:3   | Learned a level 3 spell: Ozocubu's Armour
 33120 | Lair:4   | Found a hole to the Spider Nest.
 33472 | Lair:4   | You fall into a shaft and drop 1 floor!
 33576 | Lair:5   | Found a shimmering blue altar of Sif Muna.
 34654 | Lair:6   | Entered Level 6 of the Lair of Beasts
 34751 | Lair:6   | Reached skill level 5 in Summonings
 34839 | Lair:6   | Found a viscous altar of Jiyva.
 34840 | Lair:6   | Found a staircase to the Slime Pits.
 35028 | Lair:6   | Received a gift from Okawaru
 35472 | Lair:6   | Reached XP level 17. HP: 104/125 MP: 23/25
 37487 | Orc:1    | Received a gift from Okawaru
 38129 | Orc:1    | Reached skill level 16 in Dodging
 39117 | Orc:2    | Received a gift from Okawaru
 39142 | Orc:2    | Killed Saint Roka
 39418 | Orc:2    | Got an encrusted lajatang {god gift}
 39546 | Orc:2    | Found a staircase to the Elven Halls.
 39688 | Orc:2    | Found Ojepsuycw's Book Boutique.
 39719 | Orc:2    | Found Cuug's Antique Weapon Shop.
 39719 | Orc:2    | Found Tuikkuur's Antique Armour Shop.
 39720 | Orc:2    | Found Nusos's Distillery.
 39847 | Orc:2    | Bought a potion of agility for 64 gold pieces
 39847 | Orc:2    | Bought a potion of heal wounds for 80 gold pieces
 40101 | Orc:2    | Bought a book of Callings for 390 gold pieces
 40106 | Orc:2    | Learned a level 4 spell: Summon Lightning Spire
 40106 | Orc:2    | Identified the +0 lajatang "Killer Bee's Foe" {venom, Str-4
                  | Int+6} (Okawaru gifted it to you on level 2 of the Orcish
                  | Mines)
 40116 | Orc:2    | Bought a potion of lignification for 48 gold pieces
 40116 | Orc:2    | Bought a potion of lignification for 48 gold pieces
 40116 | Orc:2    | Bought a potion of flight for 48 gold pieces
 40157 | Elf:1    | Entered Level 1 of the Elven Halls
 40210 | Elf:1    | Received a gift from Okawaru
 40225 | Elf:1    | Reached skill level 1 in Air Magic
 40740 | Elf:2    | Found a radiant altar of Vehumet.
 40824 | Elf:2    | Received a gift from Okawaru
 40846 | Elf:2    | Got a scorched quarterstaff {god gift}
 40922 | Elf:2    | Noticed Azrael
 40936 | Elf:2    | Killed Azrael
 40949 | Elf:2    | Found a flickering gateway to a bazaar.
 40979 | Bazaar   | Entered a bazaar
 41222 | Bazaar   | Found Arejek's Armour Boutique.
 41227 | Bazaar   | Found Miga's Antique Weapon Emporium.
 41244 | Bazaar   | Found Peejitt's Armour Shoppe.
 41251 | Bazaar   | Found Puvuma's Armour Shoppe.
 41279 | Elf:2    | Identified the +9 quarterstaff "Hooleatz" {crush, Int+3}
                  | (Okawaru gifted it to you on level 2 of the Elven Halls)
 41361 | Elf:2    | Reached XP level 18. HP: 112/133 MP: 26/29
 41763 | Elf:2    | Reached skill level 15 in Fighting
 42188 | Elf:2    | Found a huge runed translucent gate.
 42188 | Elf:2    | Found a huge runed translucent gate.
 42189 | Elf:2    | Found a huge runed translucent gate.
 42189 | Elf:2    | Found a huge runed translucent gate.
 42189 | Elf:2    | Found a huge runed translucent gate.
 42837 | Elf:1    | Received a gift from Okawaru
 43392 | Elf:1    | Noticed a tentacled monstrosity
 43394 | Elf:1    | Noticed a tentacled monstrosity
 43395 | Elf:1    | Found a runed translucent gate.
 43396 | Elf:1    | Found a runed translucent gate.
 43396 | Elf:1    | Found a runed translucent gate.
 43484 | Elf:1    | Received a gift from Okawaru
 44799 | Elf:3    | Entered Level 3 of the Elven Halls
 45137 | Elf:3    | Found Ymalorha's Magic Scroll Shoppe.
 45160 | Elf:3    | Bought a scroll of summoning for 133 gold pieces
 45160 | Elf:3    | Bought a scroll of silence for 105 gold pieces
 45160 | Elf:3    | Bought a scroll of acquirement for 728 gold pieces
 45160 | Elf:3    | Bought a scroll of teleportation for 42 gold pieces
 45161 | Elf:3    | Bought a scroll of identify for 28 gold pieces
 45161 | Elf:3    | Bought a scroll of identify for 28 gold pieces
 45241 | Elf:3    | Received a gift from Okawaru
 45816 | Elf:3    | Identified the ring of Wylesk {rPois Int+7 Stlth-} (You
                  | acquired it on level 3 of the Elven Halls)
 46025 | Elf:3    | Reached skill level 5 in Air Magic
 46223 | Elf:3    | Cast into level 2 of the Abyss (a deep elf demonologist)
 46278 | Elf:3    | Escaped the Abyss
 46396 | Elf:3    | Noticed a deep elf master archer
 46755 | Elf:3    | Noticed a deep elf blademaster
 46765 | Elf:3    | Killed a deep elf blademaster
 46837 | Elf:3    | Identified the ring "Pessuch" {rN+ rCorr}
 46837 | Elf:3    | Noticed a deep elf blademaster
 46849 | Elf:3    | Killed a deep elf blademaster
 46966 | Elf:3    | Noticed a deep elf master archer
 46982 | Elf:3    | Killed a deep elf master archer
 47022 | Elf:3    | Killed a deep elf master archer
 47969 | Elf:3    | Identified the +2 robe of Panentheism {rPois Str-5 Int+3}
 48271 | Elf:3    | Received a gift from Okawaru
 48374 | Elf:3    | Identified the Collected Works on Creative Combat Magic
 48429 | Elf:3    | Got a crude arbalest
 48436 | Elf:3    | Identified the +7 arbalest of Uncertain Death {velocity,
                  | *Drain +Fly Int+6} (You found it on level 3 of the Elven
                  | Halls)
 48469 | Elf:3    | Found the +7 sceptre of Torment {pain, torment}
 48729 | Elf:3    | Found Ymalorha's Magic Scroll Shoppe.
 49215 | Elf:2    | Reached XP level 19. HP: 141/141 MP: 31/31
 49794 | Elf:2    | Reached skill level 10 in Summonings
 49808 | Elf:2    | Mangled by a deep elf blademaster

Levels and vault maps discovered:
D:1:      dpeg_arrival_chambers_temple_mockup, layout_loops_cross,
          roderic_malta_cross
D:2:      layout_loops_ring, marbit_many_paths,
          chequers_ecumenical_altar_twisty, okawaru_ov_weapons_minmay
D:3:      layout_basic, nicolae_overflow_hidden_temple,
          chequers_temple_overflow_minitemple
D:4:      layout_rooms, chequers_temple_overflow_statue_of_worship,
          minmay_temple_entry_purple_smoke, uniq_ijyb
D:5:      layout_loops_ring, first_ration, gup_sewer_entry_bubbles,
          corexii_hall_statues_t, xom_teletrap_fun
D:6:      layout_loops_cross, lemuel_crystal_altar, serial_shops, shop_coins,
          chei_slow_surprise
D:7:      layout_cave_pools, uniq_prince_ribbit1, uniq_duvessa, uniq_menkaure
D:8:      layout_cave_pods, lemuel_doored_altar,
          gammafunk_temple_overflow_elements, hellmonk_ghost_happy_afterlife,
          chequers_ossuary_entry_cave, blue_anna_alchemist
          [blue_anna_fruit_fields, blue_anna_fruit_fields],
          minmay_shattered_shrine, uniq_pikel
D:9:      layout_loops_cross, kennysheep_mini_moat, dpeg_oklobed_lair,
          uniq_erolcha, uniq_joseph, uniq_psyche
D:10:     layout_stronghold, uniq_nergalle, uniq_sonja
D:11:     layout_roguey, uniq_fannar
D:12:     layout_rooms, erik_orc_3, portal_ice_cave_rime
D:13:     layout_basic, enter_bailey_3, minmay_fire_ice_demons, uniq_josephine,
          uniq_kirke
D:14:     layout_cave_pools, grunt_vaults_entry_tiered, nrook_campfire
D:15:     grunt_enter_depths_magical_seal, layout_basic, ebering_ghost_gozag,
          minmay_misc_feat_four_crosses, minmay_hidden_floor
Lair:1:   layout_layer_cave, kennysheep_abandoned_house
Lair:2:   gammafunk_lair_enchanted_lake, layout_chaotic_city, swamp_mist_pool,
          serial_rivers, chequers_serial_rivers_micro_c,
          chequers_serial_rivers_large_a, chequers_serial_rivers_marsh,
          chequers_serial_rivers_small_a, chequers_serial_rivers_small_a,
          chequers_serial_rivers_micro_a, hangedman_lair_unloving_vines,
          st_stairs_7
Lair:3:   beast_lair_carwin_large_1, layout_gridlike, enter_volcano_1,
          tgw_fedhas, grunt_megastairs_1
Lair:4:   layout_roguey, spider_nest_entry_web_field, grunt_megastairs_5,
          infiniplex_staircase_pool_2
Lair:5:   layout_cave_pods, basic_altar
Lair:6:   hangedman_lair_caniforms_friends, layout_cave_shapes,
          hangedman_lair_tendril_chambers, slime_altar_1,
          infiniplex_staircase_pool
Orc:1:    minmay_goldmine, layout_diamond_mine
Orc:2:    st_orc_open, layout_caves, uniq_saint_roka
Elf:1:    elf_arrival_001, layout_onion_city,
          ploomutoo_gammafunk_ghost_potion_laboratory, minivault_28,
          nrook_uturn, hangedman_elf_represent
Elf:2:    layout_loops_corners, serial_shops, bzr_entry_customers, basic_altar,
          uniq_azrael
Elf:3:    elf_hall_gauntlet_narrow, layout_geoelf_octagon, serial_shops, shop

Skill      XL: |  1  2  3  4  5  6  7  8  9 10 11 12 13 14 15 16 17 18 19 |
---------------+----------------------------------------------------------+-----
Fighting       | 3 4 5 6 7 8 9 11 12 13 14 15 | 15.7
Dodging        | 3 4 5 6 8 10 11 13 14 15 16 | 16.9
Invocations    | 2 3 4 5 6 |  6.0
Evocations     | 4 6 7 |  7.0
Staves         | 1 4 8 9 10 11 | 11.0
Throwing       | 4 8 10 11 12 | 12.8
Summonings     | 4 5 8 9 10 | 10.0
Spellcasting   | 5 7 8 |  8.3
Air Magic      | 3 5 |  5.0
Short Blades   | |  1.0
Stealth        | |  1.3

Action                   |  1- 3 |  4- 6 |  7- 9 | 10-12 | 13-15 | 16-18 | 19-21 || total
-------------------------+-------+-------+-------+-------+-------+-------+-------++-------
Melee: Dagger            |    67 |   107 |   107 |       |       |       |       ||   281
       Constrict         |    25 |    24 |    39 |    53 |   146 |   175 |     6 ||   468
       Tentacles         |    19 |    21 |    45 |    95 |   267 |   300 |     9 ||   756
       Falchion          |    12 |     4 |       |       |       |       |       ||    16
       Hand axe          |       |     6 |       |       |       |       |       ||     6
       Lajatang          |       |       |    99 |   368 |   685 |   616 |    27 ||  1795
       Punch             |       |       |     1 |     3 |    24 |    21 |       ||    49
       Quarterstaff      |       |       |       |       |   312 |   384 |       ||   696
Throw: Javelin           |       |       |       |       |    22 |    12 |       ||    34
       Throwing net      |       |       |       |       |       |     1 |       ||     1
 Cast: Ozocubu's Armour  |       |       |       |       |       |     1 |       ||     1
       Summon Lightning  |       |       |       |       |       |     7 |       ||     7
Invok: Heroism           |       |     1 |     6 |    24 |    41 |    39 |     1 ||   112
       Finesse           |       |       |       |       |     1 |     2 |       ||     3
Evoke: Wand              |       |     1 |     3 |    15 |    18 |    10 |       ||    47
  Use: Scroll            |       |     5 |     6 |     9 |    20 |    15 |     2 ||    57
       Potion            |       |       |       |     2 |     5 |    11 |       ||    18
 Stab: Sleeping          |     7 |     7 |    19 |    11 |    22 |    11 |       ||    77
       Distracted        |       |       |     1 |     2 |     5 |     3 |       ||    11
       Invisible         |       |       |       |       |       |     2 |       ||     2
       Held in net/web   |       |       |       |       |       |     1 |       ||     1
  Eat: Chunk             |     3 |     9 |    16 |    14 |    31 |    33 |       ||   106
       Ration            |       |       |       |     4 |     5 |     6 |       ||    15
Armor: Skin              |     5 |    16 |     4 |    15 |    31 |    57 |     1 ||   129
Dodge: Dodged            |    72 |   116 |   150 |   308 |   964 |   963 |    22 ||  2595
Block: Other             |       |       |       |       |    58 |    93 |     3 ||   154
       Reflection        |       |       |       |       |     2 |     5 |       ||     7
       Rpst.: Falchion   |     3 |     1 |       |       |       |       |       ||     4

Table legend:
 A = Non-vault XP
 B = Vault XP
 C = Vault XP percentage of total XP
 D = Non-vault monster count
 E = Vault monster count
 F = Vault count percentage of total count
                 A         B        C        D         E       F
            +---------+---------+-------+---------+---------+-------
      Total |  117105 |  154147 |  56.8 |     577 |     471 |  44.9
            +---------+---------+-------+---------+---------+-------
        D:1 |      34 |       0 |   0.0 |      20 |       0 |   0.0
        D:2 |      57 |       2 |   3.4 |      23 |       1 |   4.2
        D:3 |     145 |       0 |   0.0 |      36 |       0 |   0.0
        D:4 |     611 |      36 |   5.6 |      15 |       1 |   6.2
        D:5 |     259 |      17 |   6.2 |      14 |       6 |  30.0
        D:6 |    1206 |       5 |   0.4 |      26 |       1 |   3.7
        D:7 |     976 |     650 |  40.0 |      21 |       4 |  16.0
        D:8 |    1247 |    4669 |  78.9 |      30 |      14 |  31.8
        D:9 |    4338 |    1925 |  30.7 |      33 |       3 |   8.3
       D:10 |    2996 |    1609 |  34.9 |      25 |       2 |   7.4
       D:11 |    4774 |    1002 |  17.3 |      15 |       1 |   6.2
       D:12 |    4809 |    2393 |  33.2 |      30 |      20 |  40.0
       D:13 |   12283 |    6507 |  34.6 |      41 |      24 |  36.9
       D:14 |    7163 |    7572 |  51.4 |      25 |      24 |  49.0
       D:15 |    7674 |    5682 |  42.5 |      28 |      13 |  31.7
     Lair:1 |    2305 |     621 |  21.2 |       9 |      16 |  64.0
     Lair:2 |    6839 |    3765 |  35.5 |      21 |       9 |  30.0
     Lair:3 |    3421 |    1081 |  24.0 |      14 |       9 |  39.1
     Lair:4 |    1418 |    1411 |  49.9 |       6 |       2 |  25.0
     Lair:5 |    2143 |       0 |   0.0 |       8 |       0 |   0.0
     Lair:6 |    4242 |   20565 |  82.9 |      13 |      95 |  88.0
      Orc:1 |    3677 |    8336 |  69.4 |      37 |      34 |  47.9
      Orc:2 |    2395 |   12666 |  84.1 |      11 |      22 |  66.7
      Elf:1 |   12860 |   16875 |  56.8 |      24 |      23 |  48.9
      Elf:2 |   19769 |   10969 |  35.7 |      35 |      19 |  35.2
      Elf:3 |    9464 |   30870 |  76.5 |      17 |      21 |  55.3
      Sewer |       0 |     218 | 100.0 |       0 |      17 | 100.0
    Ossuary |       0 |     168 | 100.0 |       0 |      12 | 100.0
     Bailey |       0 |    4251 | 100.0 |       0 |      40 | 100.0
      IceCv |       0 |    9180 | 100.0 |       0 |      34 | 100.0
    Volcano |       0 |    1102 | 100.0 |       0 |       4 | 100.0
            +---------+---------+-------+---------+---------+-------
